AoeStats
← Lucretia511

Nomad

507241313Analyzed
4v4 RM · 16d ago on Sep 17, 2026· 64m 48s· 8 players
Game mode
Random Map
Map size
231×231
Population
200
Speed
Normal
Resources
Standard
Victory
Conquest
Starting age
Dark Age
Ending age
Imperial Age
RankedLock teamsTeams togetherTeam positionsShared explorationLock speedFull tech treeHidden civsTurbo modeCheats
Victory
Defeat
🇫🇷 Cumans · France
615
+16
🇹🇷 Saracens · Türkiye
592
+17
🇬🇧 Huns · United Kingdom
589
+17
🇬🇧 Poles · United Kingdom
584
+17
🇹🇷 Berbers · Türkiye
692
-21
🇹🇷 Sicilians · Türkiye
629
-17
🇮🇹 Bengalis · Italy
574
-15
🇸🇰 Malians · Slovakia
551
-14
Lucretia511
6:37 Loom
15:17 Feudal Age
16:03 Double-Bit Axe
16:28 Horse Collar
17:57 Bloodlines
23:21 Forging
28:35 Scale Barding Armor
31:05 Castle Age
32:39 Iron Casting
32:25 Chain Barding Armor
35:48 Murder Holes
36:51 Fletching
37:03 Padded Archer Armor
38:35 Chain Barding Armor
38:31 Leather Archer Armor
44:30 Imperial Age
42:59 Wheelbarrow
42:10 Town Watch
42:10 Loom
48:31 Hand Cart
50:07 Cavalier
51:34 Paladin
55:00 Blast Furnace
54:36 Plate Barding Armor
60:47 Gold Mining
60:48 Stone Mining
61:34 Ballistics
61:05 Heated Shot
63:38 Chemistry
64:18 Bodkin Arrow
gunessoley
16:23 Feudal Age
22:22 Gold Mining
22:20 Double-Bit Axe
22:25 Horse Collar
23:37 Scale Barding Armor
25:05 Wheelbarrow
25:00 Bloodlines
25:06 Forging
24:54 Stone Mining
36:03 Castle Age
40:33 Chain Barding Armor
40:51 Iron Casting
45:16 Heavy Plow
46:42 Bimaristan
48:42 Hand Cart
51:14 Gold Shaft Mining
53:07 Ballistics
58:01 Imperial Age
59:09 Bow Saw
60:06 Chemistry
60:17 Scale Mail Armor
60:56 Plate Barding Armor
62:28 Two-Man Saw
HolyKanolie
6:07 Loom
7:40 Loom
20:28 Feudal Age
21:55 Wheelbarrow
21:06 Town Watch
21:19 Gold Mining
21:20 Stone Mining
21:17 Horse Collar
22:19 Fishing Lines
22:34 Double-Bit Axe
26:27 Castle Age
26:02 Stone Mining
27:16 Forging
27:12 Scale Barding Armor
26:58 Fletching
27:17 Caravan
27:34 Hand Cart
27:50 Heavy Plow
28:33 Bow Saw
31:15 Ballistics
31:56 Town Patrol
32:04 Light Cavalry
32:55 Bloodlines
40:24 Imperial Age
39:23 Chain Barding Armor
39:39 Iron Casting
38:59 Bodkin Arrow
39:10 Marauders
40:45 Husbandry
41:56 Gold Shaft Mining
40:57 Elite Tarkan
41:58 Conscription
42:01 Atheism
43:01 Two-Man Saw
42:51 Hussar
44:12 Plate Barding Armor
44:38 Blast Furnace
43:39 Bracer
47:38 Masonry
47:23 Murder Holes
47:34 Scale Mail Armor
47:35 Padded Archer Armor
55:49 Chain Mail Armor
56:39 Chemistry
deano earlhs
15:19 Loom
25:57 Feudal Age
26:35 Man-at-Arms
27:11 Double-Bit Axe
31:00 Bloodlines
Slopers
14:32 Feudal Age
15:24 Loom
18:43 Stone Mining
29:58 Castle Age
29:10 Fletching
29:20 Padded Archer Armor
35:01 Fishing Lines
35:07 Horse Collar
35:21 Gold Mining
39:36 Imperial Age
38:43 Bodkin Arrow
39:04 Leather Archer Armor
40:26 Heavy Plow
41:05 Gold Shaft Mining
41:05 Stone Shaft Mining
40:18 Double-Bit Axe
40:51 Leather Archer Armor
43:35 Crop Rotation
43:17 Bow Saw
43:47 Wheelbarrow
43:01 Town Watch
44:02 Pikeman
47:15 Forging
47:05 Scale Mail Armor
47:11 Scale Barding Armor
47:37 Ring Archer Armor
bs-32
18:19 Feudal Age
27:22 Man-at-Arms
31:15 Double-Bit Axe
31:15 Horse Collar
38:46 Castle Age
43:46 Pikeman
43:47 Long Swordsman
TSİNTSADZE
22:37 Feudal Age
23:36 Double-Bit Axe
24:08 Horse Collar
25:22 Gold Mining
28:57 Forging
28:37 Fletching
35:28 Castle Age
33:57 Stone Mining
37:25 Iron Casting
36:45 Bodkin Arrow
36:53 Scale Mail Armor
36:54 Padded Archer Armor
37:34 Bow Saw
42:07 Chain Mail Armor
42:08 Leather Archer Armor
41:18 Pikeman
41:27 Crossbowman
43:46 Elite Skirmisher
44:40 Heavy Plow
45:12 Scale Barding Armor
45:54 Gold Shaft Mining
45:54 Stone Shaft Mining
52:48 Imperial Age
51:20 Ballistics
51:12 Masonry
50:55 Heated Shot
57:51 Elite Genitour
59:04 Halberdier
59:45 Squires
59:30 Arson
The kantinci
22:35 Feudal Age
24:00 Fishing Lines
25:16 Double-Bit Axe
27:51 Castle Age
29:19 Gillnets
29:49 Bow Saw
31:34 Gold Mining
32:00 Kasbah
33:07 Clinker Construction
34:43 Scale Barding Armor
34:54 Padded Archer Armor
34:45 Fletching
35:27 Stone Mining
36:13 Gold Shaft Mining
37:10 Treadmill Crane
37:44 Bodkin Arrow
38:55 Stone Shaft Mining
42:51 Imperial Age
41:41 Leather Archer Armor
43:51 Ballistics
44:08 Ring Archer Armor
43:39 Bracer
44:02 Conscription
43:05 Elite Camel Archer
43:47 Maghrebi Camels
45:33 Carvel Hull
46:21 Chemistry
48:00 Shipwright
51:15 Scale Barding Armor
51:21 Forging
51:13 Scale Mail Armor
Connection lost

Rejoining the realm…

Still unreachable

The connection could not be restored.

Session expired

The server has moved on; the page needs a fresh start.